 Dungeon Crawl Stone Soup version 0.31.0 (webtiles) character file.

Game seed: 8769140664171283395

67 Daunt the Chopper (level 4, -3/30 (39) HPs)
             Began as a Hill Orc Reaver on Jan 20, 2024.
             Killed from afar by an orc wizard (5 damage)
             ... with a puff of flame
             ... on level 3 of the Dungeon.
             The game lasted 00:05:15 (1662 turns).

Daunt the Chopper (Hill Orc Reaver)                 Turns: 1662, Time: 00:05:15

HP:   -3/30 (39)    AC:  3    Str: 16    XL:     4   Next: 16%
MP:   6/6           EV: 11    Int: 13    God:
Gold: 250           SH:  0    Dex:  9    Spells: 3/6 levels left

rFire   . . .        a - +0 hand axe
rCold   . . .        (no shield)
rNeg    . . .        f - +0 leather armour
rPois   .            (no helmet)
rElec   .            (no cloak)
rCorr   .            (no gloves)
SInv    .            (no boots)
Will    .....        m - amulet of magic regeneration
Stlth   +            (no ring)
HPRegen 0.25/turn    (no ring)
MPRegen 0.50/turn

%: no passive effects
@: heavily drained
A: no striking features
a: no special abilities


You were on level 3 of the Dungeon.
You visited 1 branch of the dungeon, and saw 3 of its levels.

You collected 250 gold pieces.

Inventory:

Hand Weapons
 a - a +0 hand axe (weapon)
 b - a +0 sling
Missiles
 k - 21 stones
 o - 2 poisoned darts
Armour
 f - a +0 leather armour (worn)
 g - a +0 chain mail
Jewellery
 m - an amulet of magic regeneration (around neck)
Scrolls
 h - 2 scrolls of teleportation {unknown}
 i - a scroll of poison {unknown}
 l - a scroll of silence {unknown}
 n - a scroll of vulnerability {unknown}
 p - a scroll of identify {unknown}
 q - a scroll of noise {unknown}
Potions
 c - 2 potions of curing {unknown}
 d - 2 potions of degeneration {unknown}
 e - a potion of brilliance {unknown}
 j - 3 potions of heal wounds {unknown}


   Skills:
 + Level 3.6 Fighting
 * Level 5.8 Axes
 - Level 1.5 Dodging
 - Level 1.5 Spellcasting
 - Level 3.0 Conjurations


You had 3 spell levels left.
You knew the following spells:

 Your Spells              Type           Power      Damage    Failure   Level
a - Kiss of Death         Conj/Necr      16%        2d6       19%         1
b - Momentum Strike       Conj/Tloc      8%         3d8       26%         2

Your spell library contained the following spells:

 Spells                   Type           Power      Damage    Failure   Level
 Hailstorm                Conj/Ice       4%         3d5       47%         3
 Animate Dead             Necr           1%         N/A       97%         4
 Borgnjor's Vile Clutch   Necr/Erth      0%         N/A       100%        5
 Death Channel            Necr           0%         N/A       100%        6


Dungeon Overview and Level Annotations

Branches:
Dungeon (3/15)

Altars:
Qazlal


Message History

Unknown command.
Unknown command.
Unknown command.
a - a +0 hand axe (weapon)
You barely miss something. Something hits you.
You closely miss something. Something hits you.
You completely miss something.
The orc throws a boomerang.
The boomerang barely misses you.
Something shouts, "What's happening?!"
Something barely misses the orc.
Something hits you.
You miss something. You punch something.
The orc throws a boomerang.
The boomerang barely misses you.
Something hits the orc but does no damage.
Something hits you.
You miss something.
The orc throws a boomerang.
The boomerang completely misses you.
You hear some strange, mumbled words.
A magic dart appears from out of thin air!
The magic dart hits you.
* * * LOW HITPOINT WARNING * * *
Unknown command.
Unknown command.
Unknown command.
You closely miss something. Something hits you.
* * * LOW HITPOINT WARNING * * *
Unknown command.
Unknown command.
You hit something.
You hear some strange, mumbled words.
A magic dart appears from out of thin air!
The magic dart hits you.
* * * LOW HITPOINT WARNING * * *
You barely miss something.
The orc shouts!
The orc throws a boomerang.
Something hits you but does no damage.
You barely miss something.
You hear some strange, mumbled words.
A puff of flame appears from out of thin air!
The puff of flame hits you.
You die...

###.###..## #..........
..#.#..o.. ###+......#
#....#.#.## #
#.........#. #.
#.{oo.......# #..
###{#.#......
....#######@#......##
............#...#.##
.#.....###.#...#...
#########.......#.# ###
.............##.#..
###########...>....####
....# #...#.....####
###.# #.........# #.#
#.#########


You could see 2 orcs.

Vanquished Creatures
  An adder (D:2)
  A dart slug (D:1)
  A ribbon worm (D:1)
  An orc (D:3)
  5 bats
  8 endoplasms
  3 giant cockroaches
  8 goblins (D:1)
  A hobgoblin (D:1)
  2 jackals (D:1)
  2 kobolds (D:1)
  3 quokkas
  4 ball pythons
  5 frilled lizards
  5 rats
50 creatures vanquished.

Notes
Turn   | Place    | Note
-------+----------+-------------------------------------------
     0 | D:1      | Daunt the Hill Orc Reaver began the quest for the Orb.
     0 | D:1      | Reached XP level 1. HP: 18/18 MP: 3/3
    63 | D:1      | Reached XP level 2. HP: 20/22 MP: 2/4
   326 | D:1      | Reached skill level 5 in Axes
   369 | D:1      | Reached XP level 3. HP: 26/26 MP: 5/5
  1069 | D:2      | Learned a level 2 spell: Momentum Strike
  1127 | D:2      | Reached XP level 4. HP: 29/29 MP: 6/6
  1509 | D:3      | Found a stormy altar of Qazlal.
  1662 | D:3      | Killed from afar by an orc wizard

Illustrated notes

Levels and vault maps discovered:
D:1:      ncdulo_halloftheorcs, layout_loops_ring, minmay_octomino_e4
D:2:      layout_rooms
D:3:      wad_pebble_path, layout_basic, nicolae_hepliaklqana_monster_ancestors,
          grunt_qazlal_clouds, hellmonk_ecumenical_altar_leap_of_faith,
          serial_glass, glass_columns_a, glass_columns_a, serial_shops, shop

Skill      XL: |  1  2 |
---------------+-------+-----
Fighting       | 3 |  3.6
Axes           | 5 |  5.8
Dodging        | |  1.5
Spellcasting   | |  1.5
Conjurations   | |  3.0

Action                     |  1- 3 |  4- 6 || total
---------------------------+-------+-------++-------
  Melee: Hand axe          |    57 |    16 ||    73
         Punch             |     2 |     1 ||     3
   Fire: Sling             |    71 |    34 ||   105
   Cast: Kiss of Death     |     3 |       ||     3
 Armour: Leather armour    |    42 |    32 ||    74
  Dodge: Dodged            |    51 |    19 ||    70
